AoeStats
← Koti

Hideout

509947750Analyzed
1v1 RM · 4d ago on Sep 28, 2026· 50m 59s· 2 players
Game mode
Random Map
Map size
Tiny (2 player)
Population
200
Speed
Normal
Resources
Standard
Victory
Conquest
Starting age
Dark Age
Ending age
Imperial Age
RankedLock teamsTeams togetherTeam positionsShared explorationLock speedFull tech treeHidden civsTurbo modeCheats
Victory
Defeat
🇫🇷 Cumans · France
1701
+15
🇪🇸 Goths · Spain
1673
-15
Rist!
3:55 Loom
9:17 Feudal Age
10:21 Double-Bit Axe
9:58 Man-at-Arms
19:08 Castle Age
17:45 Stone Mining
20:36 Fletching
20:35 Horse Collar
21:11 Bow Saw
22:55 Bodkin Arrow
30:16 Imperial Age
39:37 Theocracy
40:20 Fervor
45:14 Pikeman
Koti
8:43 Feudal Age
9:31 Double-Bit Axe
10:44 Loom
18:45 Horse Collar
23:11 Castle Age
21:26 Fletching
23:17 Bloodlines
27:01 Capped Ram
27:46 Bodkin Arrow
29:00 Bow Saw
32:01 Scale Barding Armor
42:24 Devotion
45:13 Forging
46:46 Wheelbarrow
45:47 Light Cavalry
51:17 Town Watch
Connection lost

Rejoining the realm…

Still unreachable

The connection could not be restored.

Session expired

The server has moved on; the page needs a fresh start.